cohdb
Replays
Latest Replays
All Replays
Popular Replays
Top Player Replays
Match Explorer
How It Works
Community
CoH3 Stats
Reddit
Sign in to upload your games and track your stats! →
Sign in with Steam
Match 46508838
Unlisted
Match 46508838
Overview
Messages
Build Orders
End
Kradschützen Motorcycle Team
Panzerpioneer Squad
250 Light Carrier
Construct Light Support Kompanie
Combat Half-tracks
Assault Grenadier Squad
Selects Panzerjäger Kommand Battlegroup
Selects GrB 39 Grenade Launcher Requisition
Selects Mine Fields
Kradschützen Motorcycle Team
Construct Mechanized Kompanie
Assault Mechanized Group
Vehicle Survival Package
8 Rad Armored Car
8 Rad Armored Car
Panzerjäger Squad
Selects Crew Shock Tactics
Selects Defensive Positions
Selects Crew Shock Tactics
Support Armor Elements
Panzerjäger Mechanized Group
Crew Shock Tactics
Emergency Repair Kits
StuG III D Assault Gun
Selects Anti-tank Overwatch
Crew Shock Tactics
mikec_81
Dark Lord Cthulhu
0
0
Comments
sign in to comment!
No comments posted yet!